 Dungeon Crawl Stone Soup version 0.23.2-30-g0e89c35649 (webtiles) character file.

Game seed: 11555420551993225164

67 Anon1729 the Ducker (level 4, -1/35 HPs)
             Began as a Vampire Monk on June 22, 2019.
             Killed by divine providence
             ... invoked by an orc priest
              (10 damage)
             ... on level 3 of the Dungeon.
             The game lasted 00:02:58 (1770 turns).

Anon1729 the Ducker (Vampire Monk)                  Turns: 1770, Time: 00:03:00

Health: -1/35      AC:  5    Str: 10    XL:     4   Next: 0%
Magic:  4/4        EV: 14    Int: 17    God:
Gold:   93         SH:  0    Dex: 17    Spells: 3/3 levels left

rFire    . . .     SeeInvis +   a - +0 falchion
rCold    . . .     Gourm    .   (no shield)
rNeg     + . .     Faith    .   b - +0 robe
rPois    .         Spirit   .   (no helmet)
rElec    .         Reflect  +   i - +2 cloak
rCorr    .         Harm     .   (no gloves)
MR       .....                  (no boots)
Stlth    +.........             h - +2 amulet of reflection
HPRegen  0.11/turn              (no ring)
MPRegen  0.09/turn              (no ring)

@: confused, brilliant, lethally poisoned (-1 -> -1)
A: fangs 3, see invisible, unbreathing
a: Bat Form


You were on level 3 of the Dungeon.
You were not thirsty.

You visited 1 branch of the dungeon, and saw 3 of its levels.

You collected 93 gold pieces.

Inventory:

Hand Weapons
 a - a +0 falchion (weapon)
Armour
 b - a +0 robe (worn)
 i - a +2 cloak (worn)
Jewellery
 h - a +2 amulet of reflection (around neck)
Scrolls
 c - a scroll of remove curse {unknown}
 d - 3 scrolls of teleportation {unknown}
 e - 2 scrolls of enchant armour {unknown}
 j - a scroll of identify {unknown}
 k - a scroll of magic mapping {unknown}
 m - a scroll of immolation {unknown}
 n - a scroll of amnesia {unknown}
Potions
 l - a potion of brilliance
 o - a potion of flight {unknown}
 q - 17 potions of blood


   Skills:
 * Level 3.3 Fighting
 * Level 3.7 Long Blades
 * Level 3.9 Dodging
 + Level 3.5 Stealth


You had 3 spell levels left.
You didn't know any spells.
Your spell library was empty.

Dungeon Overview and Level Annotations

Branches:
Dungeon (3/15)

Altars:

Annotations:
D:2 Sigmund


Innate Abilities, Weirdness & Mutations

You have razor-sharp teeth.
You have supernaturally acute eyesight. (SInv)
You can survive without breathing.


Message History

* * * LOW HITPOINT WARNING * * *
The orc closely misses you.
Unknown command.
It was a potion of heal wounds.
You feel much better. The kobold hits you but does no damage.
The orc priest looks braver for a moment.
You closely miss the orc priest.
The orc priest is severely wounded.
The orc hits you from afar with a +0 trident!
* * * LOW HITPOINT WARNING * * *
The kobold barely misses you. The orc priest hits you with a +0 whip.
* * * LOW HITPOINT WARNING * * *
Unknown command.
It was a potion of ambrosia.
You are confused.
You feel invigorated.
You feel sick. The orc closely misses you. The kobold barely misses you.
The orc priest mumbles some strange prayers to Beogh against you.
Beogh smites you!
You die...

#.#.#.#l##.#. ##+#..
#...#........
##.....##.#....[.#.# .
##.........#.#.[%o..#.#
#.......##........#...
........##.#.##.#.#.#.#
.............og.....#..
........##†###K##o#.#.# ..#
#..............@o.....# ..#
#......####.###.##.#.##..#
##.....####.###.##.#.##..##
##+##....................##
##.#####.####.#..#.##.....##
#........#
#...##....#.#..###
#..##.####
#.######..#.(..... ###...#.#
#.# #..#....#
........#######.# ##.<.).#


You could see an orc priest, 2 orcs, a hobgoblin and a kobold.

Vanquished Creatures
  2 adders
  2 dart slugs (D:2)
  An orc (D:3)
  A ball python (D:1)
  12 goblins
  6 hobgoblins
  2 quokkas
  5 bats
  3 frilled lizards
  5 kobolds
  4 rats
43 creatures vanquished.

Notes
Turn   | Place    | Note
-------+----------+-------------------------------------------
     0 | D:1      | Anon1729 the Vampire Monk began the quest for the Orb.
     0 | D:1      | Reached XP level 1. HP: 17/17 MP: 1/1
   246 | D:1      | Reached XP level 2. HP: 22/23 MP: 2/2
  1088 | D:2      | Reached XP level 3. HP: 25/29 MP: 3/3
  1505 | D:2      | Noticed Sigmund
  1763 | D:3      | Reached XP level 4. HP: 26/35 MP: 4/4
  1767 | D:3      | HP: 1/35 [orc priest/+0 whip (3)]
  1770 | D:3      | Killed from afar by an orc priest

Skill      XL: |  1  2 |
---------------+-------+-----
Fighting       | 3 |  3.3
Long Blades    | |  3.7
Dodging        | |  3.9
Stealth        | |  3.5

Action                   |  1- 3 |  4- 6 || total
-------------------------+-------+-------++-------
Melee: Falchion          |   102 |     4 ||   106
       Bite              |    10 |     1 ||    11
  Use: Potion            |     3 |     3 ||     6
 Stab: Sleeping          |    10 |       ||    10
Armor: Robe              |    25 |     4 ||    29
Dodge: Dodged            |    87 |     9 ||    96
Block: Other             |     4 |       ||     4
       Reflection        |     1 |       ||     1
       Rpst.: Falchion   |    30 |     4 ||    34
